AoeStats
← waLLefps.

Arena

508291942Analyzed
4v4 RM · 9d ago on Sep 21, 2026· 41m 50s· 8 players
Game mode
Random Map
Map size
Large (8 player)
Population
200
Speed
Normal
Resources
Standard
Victory
Conquest
Starting age
Dark Age
Ending age
Imperial Age
RankedLock teamsTeams togetherTeam positionsShared explorationLock speedFull tech treeHidden civsTurbo modeCheats
Victory
Defeat
🇨🇳 Poles · China
1440
+15
🇨🇳 Turks · China
1425
+16
1412
+16
🇭🇰 Teutons · Hong Kong SAR China
1398
+17
🇹🇷 Malay · Türkiye
1480
-20
🇹🇷 Hindustanis · Türkiye
1452
-17
🇨🇱 Dravidians · Chile
1405
-15
🇹🇷 Maya · Türkiye
1324
-12
帝国孙笑川
10:18 Feudal Age
14:02 Castle Age
12:16 Double-Bit Axe
12:32 Horse Collar
15:26 Bow Saw
20:28 Loom
21:56 Wheelbarrow
23:22 Gold Mining
24:43 Gold Shaft Mining
25:13 Hand Cart
25:04 Town Watch
25:15 Stone Mining
29:18 Imperial Age
26:49 Fletching
27:20 Padded Archer Armor
28:00 Ballistics
28:07 Bodkin Arrow
28:28 Leather Archer Armor
29:25 Scale Barding Armor
30:35 Conscription
30:29 Heavy Plow
30:42 Bracer
31:07 Bombard Tower
31:39 Chain Barding Armor
31:51 Coinage
31:35 Artillery
33:15 Ring Archer Armor
33:33 Hoardings
33:25 Parthian Tactics
32:21 Heavy Cavalry Archer
33:32 Masonry
34:15 Sipahi
35:26 Two-Man Saw
35:07 Thumb Ring
38:05 Bloodlines
38:16 Husbandry
42:22 Plate Barding Armor
小刀
12:19 Feudal Age
13:23 Double-Bit Axe
13:21 Horse Collar
16:18 Castle Age
14:15 Gold Mining
14:34 Stone Mining
18:07 Bow Saw
20:34 Loom
21:26 Wheelbarrow
20:57 Heavy Plow
23:33 Scale Barding Armor
23:43 Forging
24:26 Szlachta Privileges
25:07 Bloodlines
24:58 Husbandry
30:16 Chain Barding Armor
32:26 Iron Casting
32:30 Scale Mail Armor
34:53 Stone Shaft Mining
42:00 Imperial Age
39:46 Hand Cart
39:17 Town Watch
39:50 Chain Mail Armor
40:42 Coinage
40:40 Light Cavalry
41:53 Fletching
灯窝森曾瑞卜药方松滴
11:16 Feudal Age
15:10 Castle Age
13:40 Double-Bit Axe
13:36 Horse Collar
13:48 Stone Mining
15:34 Gold Mining
17:26 Bow Saw
19:10 Fletching
21:24 Bodkin Arrow
22:20 Padded Archer Armor
22:43 Loom
25:19 Ballistics
35:53 Imperial Age
34:05 Wheelbarrow
36:34 Heavy Plow
37:32 Elite Bolas Rider
39:08 Leather Archer Armor
39:57 Chemistry
39:03 Malon
39:24 Conscription
明月清风
7:03 Loom
9:23 Feudal Age
10:13 Double-Bit Axe
11:23 Fletching
15:24 Town Watch
25:13 Castle Age
23:05 Gold Mining
22:57 Horse Collar
23:11 Stone Mining
28:00 Bow Saw
28:24 Bodkin Arrow
28:48 Scale Mail Armor
35:00 Imperial Age
33:16 Wheelbarrow
34:38 Masonry
36:05 Conscription
36:48 Chemistry
36:34 Guilds
38:25 Chain Mail Armor
39:12 Siege Engineers
39:49 Hand Cart
40:06 Plate Mail Armor
39:48 Forging
42:34 Ironclad
klostrofobikköstebek
10:18 Feudal Age
14:25 Castle Age
12:47 Horse Collar
12:53 Double-Bit Axe
17:48 Wheelbarrow
17:18 Loom
18:40 Heavy Plow
22:47 Scale Barding Armor
23:59 Forging
24:17 Chain Barding Armor
24:24 Husbandry
24:34 Bloodlines
26:07 Hand Cart
26:40 Bow Saw
26:20 Gold Mining
30:11 Imperial Age
28:10 Husbandry
28:20 Bloodlines
29:33 Gold Shaft Mining
31:43 Plate Barding Armor
31:44 Iron Casting
30:32 Heavy Camel Rider
31:23 Bloodlines
33:12 Chemistry
32:13 Heavy Camel Rider
Bi Hez
11:05 Feudal Age
14:44 Castle Age
13:31 Double-Bit Axe
13:28 Horse Collar
24:46 Bow Saw
24:38 Heavy Plow
24:59 Stone Mining
25:47 Wheelbarrow
24:58 Loom
26:59 Hand Cart
29:31 Imperial Age
27:39 Ballistics
28:07 Thumb Ring
28:08 Gold Mining
28:23 Fletching
29:10 Bodkin Arrow
29:39 Padded Archer Armor
30:26 Bracer
30:52 Leather Archer Armor
32:01 Chemistry
31:40 Elite Elephant Archer
32:52 Medical Corps
35:03 Ring Archer Armor
35:51 Conscription
37:31 Husbandry
Tameryig1t
0:27 Loom
9:42 Feudal Age
15:23 Fletching
18:16 Double-Bit Axe
21:23 Padded Archer Armor
27:54 Castle Age
25:40 Horse Collar
30:15 Wheelbarrow
32:32 Imperial Age
30:38 Gold Mining
30:38 Stone Mining
31:13 Bow Saw
31:24 Bodkin Arrow
33:55 Ballistics
35:58 Conscription
36:09 Bracer
37:05 Wheelbarrow
37:51 Chemistry
40:22 Scale Mail Armor
40:32 Forging
waLLefps.
12:02 Feudal Age
12:20 Double-Bit Axe
12:17 Horse Collar
17:12 Castle Age
17:24 Bow Saw
17:18 Heavy Plow
20:08 Forging
20:49 Wheelbarrow
21:38 Squires
21:23 Arson
22:19 Arson
27:59 Hand Cart
28:08 Gold Mining
29:31 Iron Casting
28:51 Town Watch
30:21 Loom
33:51 Imperial Age
33:09 Stone Mining
34:48 Blast Furnace
34:12 Conscription
33:48 Elite Karambit Warrior
35:36 Conscription
36:42 Gold Shaft Mining
36:21 Pikeman
36:52 Fletching
37:03 Padded Archer Armor
37:30 Capped Ram
Connection lost

Rejoining the realm…

Still unreachable

The connection could not be restored.

Session expired

The server has moved on; the page needs a fresh start.